Map: Tropic Shores

Players

NightKnight

  • Race: Protoss Protoss
  • Spawn Location: 6:00

Toastie

  • Race: Protoss Protoss
  • Spawn Location: 5:00

Maverick

  • Race: Protoss Protoss
  • League: Silver
  • Spawn Location: 5:00

Alice

  • Race: Terran Terran
  • Spawn Location: 6:00

nights - Winner!

  • Race: Terran Terran
  • Spawn Location: 0:00

SorenPrime - Winner!

  • Race: Terran Terran
  • Spawn Location: 12:00

Infamous - Winner!

  • Race: Protoss Protoss
  • League: Gold
  • Spawn Location: 11:00

MateoCraft - Winner!

  • Race: Terran Terran
  • League: Gold
  • Spawn Location: 12:00

VOD

Have the link to the VOD?

Description

Time

  • Played on: April 21, 2018, 12:59 p.m.
  • Length: 7:01
Show
View Real Time Build Order
Export as new Build Order

NightKnight Protoss 

Build Orders:  

Get SALT Encoding   

  12  0:13  Probe  
  12  0:14  Pylon  
  13  0:24  Assimilator  
  13  0:29  Probe  
  14  0:46  Gateway  
  14  1:18  Probe  
  15  1:30  Probe  
  16  1:50  Probe  
  15  2:02  Probe  
  13  2:14  Probe  
  10  2:26  Probe  
  5  2:38  Probe  
Show
View Real Time Build Order
Export as new Build Order

Toastie Protoss 

Build Orders:  

Get SALT Encoding   

  11  2:01  Probe  
  12  2:09  Probe  
  13  2:19  Probe  
  13  2:31  Probe  
  14  2:43  Probe  
Show
View Real Time Build Order
Export as new Build Order

Maverick Protoss 

Build Orders:  

Get SALT Encoding   

  12  0:01  Probe  
  13  0:11  Probe  
  14  0:21  Probe  
  15  0:43  Pylon  
  15  0:49  Assimilator  
  15  0:54  Probe  
  15  1:06  Probe  
  13  2:10  Probe  
  14  2:22  Probe  
  15  2:41  Probe  
  14  2:53  Probe  
Show
View Real Time Build Order
Export as new Build Order

Alice Terran 

Build Orders:  

Get SALT Encoding   

Show
View Real Time Build Order
Export as new Build Order

nights Terran - Winner!

Build Orders:  

Get SALT Encoding   

  12  1:22  SCV  
  13  1:34  SCV  
  14  1:46  SCV  
  15  1:48  Supply Depot  
  15  1:59  Supply Depot  
  15  2:10  SCV  
  15  2:11  Supply Depot  
  16  2:22  Supply Depot, SCV  
  17  2:34  SCV  
  17  2:35  Supply Depot  
  18  2:45  Supply Depot  
  18  2:48  SCV  
  19  3:00  Supply Depot, SCV  
  19  3:03  Supply Depot  
  20  3:16  Engineering Bay  
  20  3:17  Engineering Bay  
  20  3:19  SCV  
  21  3:28  Refinery  
  21  3:30  Refinery  
  21  3:31  SCV  
  22  3:46  SCV  
  23  4:00  Missile Turret  
  23  4:04  SCV  
  23  4:08  Missile Turret  
  24  4:23  Missile Turret, Hi-Sec Auto Tracking  
  24  4:27  Missile Turret  
  24  4:43  Missile Turret  
  24  4:47  Building Armor  
  24  4:50  Missile Turret  
  24  5:07  Missile Turret  
  24  5:11  Missile Turret  
  24  5:38  Missile Turret  
  24  5:49  Supply Depot  
  24  5:56  SCV  
  25  6:04  Barracks  
  25  6:09  SCV  
  26  6:20  Command Center  
  26  6:41  Missile Turret  
  26  6:43  Missile Turret  
  26  6:56  Barracks  
  26  6:57  Barracks Reactor  
Show
View Real Time Build Order
Export as new Build Order

SorenPrime Terran - Winner!

Build Orders:  

Get SALT Encoding   

  12  0:28  Supply Depot  
  12  0:54  Barracks  
  12  1:07  Refinery  
  12  1:08  SCV  
  13  1:20  SCV  
  14  1:32  SCV  
  15  1:42  Engineering Bay  
  15  1:44  SCV  
  15  1:45  Marine  
  17  1:56  SCV  
  18  2:03  Marine  
  19  2:21  Marine  
  20  2:38  Marine  
  21  2:56  Marine  
Show
View Real Time Build Order
Export as new Build Order

Infamous Protoss - Winner!

Build Orders:  

Get SALT Encoding   

  12  0:05  Probe  
  13  0:18  Pylon  
  13  0:34  Probe  
  13  0:37  Gateway  
  14  0:42  Probe  
  15  0:53  Probe  
  16  1:03  Probe  
  16  1:06  Assimilator  
  17  1:12  Probe  
  18  1:21  Probe  
  19  1:25  Cybernetics Core  
  19  1:33  Probe  
  20  1:41  Zealot  
  22  1:49  Probe  
  22  1:53  Assimilator  
  23  1:54  Warp Gate  
  23  1:55  Pylon  
  23  2:12  Nexus  
  23  2:15  Probe  
  24  2:27  Pylon  
  24  2:28  Zealot  
  26  2:44  Probe  
  27  2:57  Probe  
  28  3:17  Pylon  
  28  3:19  Probe  
  29  3:25  Forge  
  29  3:27  Zealot  
  29  3:29  Gateway  
  29  3:31  Gateway  
  31  4:00  Photon Cannon  
  31  4:01  Photon Cannon  
  31  4:03  Photon Cannon  
  31  4:06  Probe  
  32  4:13  Protoss Ground Weapons Level 1  
  32  4:15  Probe  
  32  4:16  Probe, Robotics Facility  
  34  4:37  Robotics Facility  
  34  4:40  Zealot  
  36  4:47  Pylon  
  36  5:03  Warp Prism  
  36  5:04  Pylon  
  38  5:13  Robotics Bay, Zealot x2  
  42  5:15  Probe  
  42  5:17  Probe  
  44  5:41  Gateway  
  44  5:51  Shield Battery  
  44  5:54  Shield Battery  
  44  5:56  Shield Battery  
  44  5:58  Shield Battery  
  44  6:05  Colossus  
  50  6:14  Probe  
  50  6:18  Probe  
  52  6:23  Assimilator  
  52  6:28  Assimilator  
  52  6:47  Zealot x4  
Show
View Real Time Build Order
Export as new Build Order

MateoCraft Terran - Winner!

Build Orders:  

Get SALT Encoding   

  12  0:17  SCV  
  12  0:18  Supply Depot  
  13  0:29  SCV  
  14  0:44  Engineering Bay  
  14  0:49  Barracks  
  14  0:51  SCV  
  15  1:03  SCV  
  16  1:15  SCV  
  17  1:21  Supply Depot  
  17  1:27  SCV  
  17  1:30  Refinery  
  18  1:39  SCV  
  19  2:02  Barracks  
  19  2:05  SCV  
  20  2:09  Refinery  
  20  2:17  SCV  
  21  2:23  Barracks Tech Lab  
  21  2:24  Supply Depot  
  21  2:29  SCV  
  22  2:41  SCV  
  23  2:46  Supply Depot  
  23  3:06  Barracks Reactor  
  23  3:10  Barracks  
  23  3:15  Supply Depot, Combat Shields  
  23  3:19  SCV  
  24  3:26  Terran Infantry Weapons Level 1  
  24  3:37  Supply Depot  
  24  3:50  Marine x2  
  24  3:51  Marine  
  27  4:08  Marine x3  
  27  4:09  Barracks Reactor  
  30  4:16  Barracks  
  30  4:19  Orbital Command  
  30  4:26  Marine x3, Factory  
  33  4:44  Marine x3  
  36  4:50  Marine x2  
  38  5:01  Marine  
  38  5:02  Marine x2  
  38  5:06  Barracks Reactor  
  41  5:08  Marine  
  42  5:38  Factory Tech Lab  
  42  5:54  Marine x3  
  42  5:55  Marine x4  
  49  6:07  Armory  
  49  6:12  Marine x4  
  49  6:13  Marine x3  
  56  6:30  Marine x5  
  61  6:40  Engineering Bay  
Tags
 
Add a new tag
Caveats
  • Supply blocks, unpowered buildings, or Contaminate may cause inaccurate times.
  • Supply counts are checked every 10 seconds.